AoeStats
← Blackrune

Golden Pit

509806525Analyzed
1v1 RM · 6d ago on Sep 28, 2026· 20m 15s· 2 players
Game mode
Random Map
Map size
Tiny (2 player)
Population
200
Speed
Normal
Resources
Standard
Victory
Conquest
Starting age
Dark Age
Ending age
Imperial Age
RankedLock teamsTeams togetherTeam positionsShared explorationLock speedFull tech treeHidden civsTurbo modeCheats
Victory
Defeat
🇦🇺 Mongols · Australia
983
+15
🇳🇿 Britons · New Zealand
958
-44
Blackrune
Snappa
6:09 Loom
9:06 Feudal Age
10:45 Double-Bit Axe
17:42 Forging
17:24 Fletching
17:40 Scale Barding Armor
17:41 Horse Collar
20:11 Stone Mining
20:14 Gold Mining
Connection lost

Rejoining the realm…

Still unreachable

The connection could not be restored.

Session expired

The server has moved on; the page needs a fresh start.